 Dungeon Crawl Stone Soup version 0.23-a0-183-gf37f6fb (webtiles) character file.

59 CozyGlow the Grave Robber (level 3, -1/24 HPs)
             Began as a Demonspawn Necromancer on Sept 23, 2018.
             Slain by a bullfrog (2 damage)
             ... on level 2 of the Dungeon.
             The game lasted 00:06:34 (2417 turns).

CozyGlow the Grave Robber (Demonspawn Necromancer)  Turns: 2417, Time: 00:06:35

Health: -1/24      AC:  4    Str:  8    XL:     3   Next: 78%
Magic:  3/7        EV: 13    Int: 17    God:
Gold:   41         SH:  0    Dex: 13    Spells: 2/7 levels left

rFire    . . .     SeeInvis .   d - +0 dagger
rCold    . . .     Gourm    .   (no shield)
rNeg     . . .     Faith    .   a - +0 robe
rPois    .         Spirit   .   (no helmet)
rElec    .         Reflect  .   (no cloak)
rCorr    .         Harm     .   (no gloves)
MR       .....                  (no boots)
Stlth    ++........             (no amulet)
HPRegen  0.08/turn              (no ring)
MPRegen  0.10/turn              (no ring)

@: no status effects
A: slimy green scales 1
a: no special abilities


You were on level 2 of the Dungeon.
You were not hungry.

You visited 1 branch of the dungeon, and saw 2 of its levels.

You collected 41 gold pieces.

Inventory:

Hand Weapons
 d - a +0 dagger (weapon)
Armour
 a - a +0 robe (worn)
 e - a +0 robe
Jewellery
 f - an uncursed ring of fire {unknown}
 g - a +2 ring of slaying {unknown}
Scrolls
 b - a scroll of identify
Potions
 c - a potion of heal wounds {unknown}
Comestibles
 h - 2 chunks of flesh
 i - a ration


   Skills:
 + Level 2.6 Dodging
 - Level 1.7 Stealth
 + Level 2.7 Spellcasting
 + Level 5.0 Necromancy


You had 2 spell levels left.
You knew the following spells:

 Your Spells              Type           Power        Failure   Level  Hunger
a - Pain                  Necr           ###.         2%          1    #......
b - Animate Skeleton      Necr           N/A          2%          1    #......
c - Vampiric Draining     Necr           ###.......   7%          3    ###....

Your spell library contained the following spells:

 Spells                   Type           Power        Failure   Level  Hunger
 Regeneration             Chrm/Necr      ##........   19%         3    ###....
 Animate Dead             Necr           N/A          22%         4    #####..


Dungeon Overview and Level Annotations

Branches:
Dungeon (2/15)

Altars:


Innate Abilities, Weirdness & Mutations

You are partially covered in slimy green scales. (AC +2)


Message History

Aiming: Pain (safe; 2% risk of failure)
Press: ? - help, Shift-Dir - straight line, f/p - bullfrog
Aim: a bullfrog (lightly wounded, chance to defeat MR: 78%)
The bullfrog writhes in agony!
The bullfrog hits you.
* * * LOW HITPOINT WARNING * * *
Casting: Pain (safe; 2% risk of failure)
Confirm with . or Enter, or press ? or * to list all spells.
Aiming: Pain (safe; 2% risk of failure)
Press: ? - help, Shift-Dir - straight line, f/p - bullfrog
Aim: a bullfrog (moderately wounded, chance to defeat MR: 78%)
The bullfrog writhes in agony!
The jackal barks!
The bullfrog completely misses you. The bullfrog misses you.
Casting: Pain (safe; 2% risk of failure)
Confirm with . or Enter, or press ? or * to list all spells.
Aiming: Pain (safe; 2% risk of failure)
Press: ? - help, Shift-Dir - straight line, f/p - bullfrog
Aim: a bullfrog (moderately wounded, chance to defeat MR: 78%)
The bullfrog writhes in agony!
The bullfrog hits you.
You die...

#.# .#. ## # #.# ... # # #.######
#.# # ## #......# #.# ## .##
#....#.# #.# ##. ..## ##.#.#.#
#.### ##.. ...## ##..#.#.# #.#.##
##...
....####...#.#.######....####....
....'..........F@..h........+....
....####...#.########....####....
...## ##.##.########.#.## ##...
..## #.......#......## ##.% .##
#.#####.#.###..# ##. ## #.# #.#
#..# ####### # #.# #.# #..#
#...... # #.# #.#.###..# #.####.
## #.#####.#......# #..(...


You could see a bullfrog and a jackal.

Vanquished Creatures
  An adder (D:2)
  3 oozes
  A dart slug (D:1)
  A leopard gecko (D:1)
  A ball python (D:1)
  6 bats
  2 giant cockroaches (D:1)
  3 goblins (D:1)
  3 hobgoblins
  A jackal (D:2)
  2 frilled lizards
  2 kobolds
  5 rats
31 creatures vanquished.

Vanquished Creatures (collateral kills)
  A worm (D:2)
1 creature vanquished.

Grand Total: 32 creatures vanquished

Notes
Turn   | Place    | Note
-------+----------+-------------------------------------------
     0 | D:1      | CozyGlow the Demonspawn Necromancer began the quest for the
                  | Orb.
     0 | D:1      | Reached XP level 1. HP: 13/13 MP: 3/3
     2 | D:1      | Learned a level 1 spell: Animate Skeleton
   244 | D:1      | Gained mutation: You are partially covered in slimy green
                  | scales. (AC +2) [demonic ancestry]
   244 | D:1      | Reached XP level 2. HP: 15/19 MP: 0/5
  1187 | D:1      | Reached XP level 3. HP: 23/24 MP: 2/6
  1759 | D:2      | Learned a level 3 spell: Vampiric Draining
  2109 | D:2      | Reached skill level 5 in Necromancy
  2233 | D:2      | Noticed a bullfrog
  2417 | D:2      | Slain by a bullfrog

Vault maps used:
D:1:      zelgadis_glass_arrival_small, minivault_11
D:2:      nicolae_overflow_hidden_temple, first_ration, grunt_ministairs_2

Skill      XL: |  1  2  3 |
---------------+----------+-----
Dodging        | 2 |  2.6
Necromancy     | 5 |  5.0
Stealth        | |  1.7
Spellcasting   | |  2.7

Action                   || total
-------------------------++-------
 Cast: Pain              ||    93
       Animate Skeleton  ||     8
  Use: Scroll            ||     1
  Eat: Chunk             ||     2
       Ration            ||     1
Armor: Robe              ||     4
Dodge: Dodged            ||    24

Table legend:
 A = Non-vault XP
 B = Vault XP
 C = Vault XP percentage of total XP
 D = Non-vault monster count
 E = Vault monster count
 F = Vault count percentage of total count
                 A         B        C        D         E       F
            +---------+---------+-------+---------+---------+-------
      Total |      83 |       2 |   2.4 |      31 |       1 |   3.1
            +---------+---------+-------+---------+---------+-------
        D:1 |      45 |       0 |   0.0 |      18 |       0 |   0.0
        D:2 |      38 |       2 |   5.0 |      13 |       1 |   7.1
            +---------+---------+-------+---------+---------+-------
